 Dungeon Crawl Stone Soup version 0.23.2-40-g277498a001 (webtiles) character file.

Game seed: 4047109517119710580

19912 Exodus22XD the Cleaver (level 12, -3/94 HPs)
             Began as a Demonspawn Gladiator on Sept 7, 2019.
             Was a Follower of Uskayaw.
             Slain by a seven-headed hydra (5 damage)
             ... on level 5 of the Lair of Beasts.
             The game lasted 01:02:20 (16460 turns).

Exodus22XD the Cleaver (Demonspawn Gladiator)      Turns: 16460, Time: 01:02:21

Health: -3/94      AC: 22    Str: 20    XL:     12   Next: 40%
Magic:  9/17       EV: 11    Int: 11    God:    Uskayaw [*.....]
Gold:   286        SH:  0    Dex: 15    Spells: 11/11 levels left

rFire    x . .     SeeInvis .   B - +2 dire flail (protect)
rCold    + . .     Gourm    .   (shield currently unavailable)
rNeg     + . .     Faith    .   K - +1 chain mail of Ydoupir {rN+ Slay+3 Stlth+} (curse)
rPois    .         Spirit   .   (helmet restricted)
rElec    .         Reflect  .   (no cloak)
rCorr    .         Harm     .   (no gloves)
MR       .....                  (no boots)
Stlth    ..........             z - amulet of rage
HPRegen  0.25/turn              c - ring of ice
MPRegen  0.15/turn              y - +3 ring of protection

@: protection aura
A: antennae 2, claws 1, hooves 1, low mp 1, spiny 3, strong 1, wild magic 1
a: Stomp, Renounce Religion, Evoke Berserk Rage


You were on level 5 of the Lair of Beasts.
You worshipped Uskayaw.
Uskayaw was aware of your devotion.
You were not hungry.

You visited 2 branches of the dungeon, and saw 14 of its levels.
You also visited: Ossuary.

You collected 835 gold pieces.
You spent 549 gold pieces at shops.

Inventory:

Hand Weapons
 a - a +0 war axe
 A - a +3 battleaxe
 B - a +2 dire flail of protection (weapon)
 C - a +0 hand axe
Missiles
 d - 3 throwing nets (quivered)
Armour
 J - a +1 plate armour of cold resistance
 K - the cursed +1 chain mail of Ydoupir (worn) {rN+ Slay+3 Stlth+}
   (You bought it in a shop on level 9 of the Dungeon)

   It affects your accuracy and damage with ranged weapons and melee attacks
   (+3).
   It protects you from negative energy.
   It makes you more stealthy.
   It has a curse placed upon it.
Jewellery
 c - a ring of ice (left claw)
 x - an uncursed ring of positive energy
 y - a +3 ring of protection (right claw)
 z - an amulet of rage (around neck)
 G - the ring of Qiz Toso {MP+9 Str+3}
   (You found it on level 7 of the Dungeon)

   [ring of magical power]

   It affects your strength (+3).
   It affects your magic capacity (+9).
Wands
 s - a wand of random effects (35)
 D - a wand of disintegration (14)
 H - a wand of polymorph (9)
Scrolls
 g - 3 scrolls of enchant weapon
 h - 3 scrolls of identify
 j - 2 scrolls of enchant armour
 m - 2 scrolls of magic mapping
 n - 2 scrolls of immolation
 o - 15 scrolls of remove curse
 p - a scroll of blinking {unknown}
 r - 4 scrolls of teleportation
 u - 2 scrolls of amnesia {unknown}
 F - a scroll of fog {unknown}
 M - a scroll of silence {unknown}
Potions
 b - 2 potions of curing
 e - 2 potions of cancellation
 i - 3 potions of agility
 k - a potion of resistance
 l - a potion of flight
 q - 3 potions of lignification
 t - 3 potions of might
 v - 2 potions of ambrosia
 w - 2 potions of mutation
 E - a potion of heal wounds
 I - 2 potions of haste {unknown}
 L - a potion of invisibility {unknown}
 N - a potion of berserk rage {unknown}
Comestibles
 f - 32 rations


   Skills:
 + Level 8.3 Fighting
 * Level 11.0(11.1) Axes
 - Level 2.0(7.3) Maces & Flails
 - Level 1.8 Throwing
 + Level 8.2 Armour
 + Level 5.8 Dodging
   Level 1.3 Shields
 * Level 6.9 Unarmed Combat
 * Level 9.6 Invocations


You had 11 spell levels left.
You didn't know any spells.
Your spell library contained the following spells:

 Spells                   Type           Power        Failure   Level  Hunger
 Shock                    Conj/Air       #...         97%         1    ##.....
 Swiftness                Chrm/Air       #.......     99%         2    ###....
 Throw Frost              Conj/Ice       #.....       99%         2    ###....
 Recall                   Summ/Tloc      N/A          100%        3    ####...
 Static Discharge         Conj/Air       #.......     100%        3    ####...
 Airstrike                Air            #.........   100%        4    #####..
 Animate Dead             Necr           N/A          100%        4    #####..
 Borgnjor's Vile Clutch   Necr/Erth      #.........   100%        5    ######.
 Lightning Bolt           Conj/Air       #.........   100%        5    ######.
 Bolt of Cold             Conj/Ice       #.........   100%        6    #######
 Death Channel            Necr           #.........   100%        6    #######
 Freezing Cloud           Conj/Ice/Air   #.........   100%        6    #######
 Simulacrum               Ice/Necr       #.........   100%        6    #######


Dungeon Overview and Level Annotations

Branches:
Dungeon (9/15)             Temple (0/1) D:7            Lair (5/6) D:9
 Shoals (0/4) Lair:2       Spider (0/4) Lair:4          Orc (0/2) D:9
  Slime: Lair:5-6

Altars:
Cheibriados
Dithmenos
Fedhas
Gozag
Makhleb
Nemelex Xobeh
Okawaru
Qazlal
Trog
Uskayaw
Yredelemnul
The Shining One

Shops:
D:5 *   D:8 *   D:9 [*}

Annotations:
Lair:1 3 runed translucent doors, FishyPogo's ghost, journeyman DrEE; XoMute's ghost, journeyman GrEE


Innate Abilities, Weirdness & Mutations

You have a pair of antennae on your head.
You have sharp fingernails.
You have large cloven feet.
You are completely covered in sharp spines.
Your magical capacity is low. (-10% MP)
Your muscles are strong. (Str +2)
Your spells are a little harder to cast, but a little more powerful.


Message History

* * * LOW HITPOINT WARNING * * *
The seven-headed hydra bites you.
* * * LOW HITPOINT WARNING * * *
The seven-headed hydra closely misses you.
The seven-headed hydra bites you!
* * * LOW HITPOINT WARNING * * *
The seven-headed hydra bites you.
* * * LOW HITPOINT WARNING * * *
Aiming: Line Pass
Press: ? - help, Dir - move target cursor The seven-headed hydra appears confused.
The fungus appears confused.
You feel somewhat more hungry.
You can no longer pass through a line of other dancers.
The seven-headed hydra is struck by your spines.
The seven-headed hydra bites you but does no damage. x2
The seven-headed hydra barely misses you.
The seven-headed hydra bites you.
* * * LOW HITPOINT WARNING * * *
The seven-headed hydra bites you.
You die...

.#...#...##
.........P###
..........#.###
.................P#
P...............PP..##
....................#
##..................#
##.............D.....#
.##.............@...##
..#.................###
.8...................P#
..#................PP.#
.##..................##
####.###..........##.#
### ####......## #.#
###P#### ## ###


You could see a seven-headed hydra (confused).

Vanquished Creatures
  An ice dragon (Lair:5)
  2 hydras (Lair:3)
  A catoblepas (Lair:4)
  2 two-headed ogres (D:9)
  2 black mambas (Lair:5)
  A rime drake (Lair:5)
  5 spiny frogs
  6 komodo dragons
  A troll (D:9)
  9 hippogriffs
  Grinder (D:3)
  A snapping turtle (Lair:3)
  4 blink frogs (Lair:4)
  A wraith (D:9)
  A wyvern (Lair:4)
  7 yaks
  A hungry ghost (D:7)
  A steam dragon (Lair:4)
  Edmund (D:6)
  10 porcupines
  3 water moccasins
  5 orc warriors
  2 sky beasts
  4 ice beasts
  3 phantoms
  6 ogres
  7 crocodiles
  5 wolves (Lair:3)
  3 centaurs
  17 bullfrogs
  3 gnoll sergeants (D:9)
  2 big kobolds (D:9)
  3 scorpions
  5 wights (D:9)
  2 howler monkeys
  4 centaur zombies (Ossuary)
  3 crimson imps
  A human zombie (Ossuary)
  5 jellies
  2 orc priests
  6 hounds
  A bullfrog skeleton (D:5)
  6 orc wizards
  An iguana (D:6)
  Jessica (D:3)
  Terence (D:2)
  4 worker ants
  Natasha (thrice) (D:2)
  A big kobold zombie (Ossuary)
  A hound zombie (D:7)
  3 hound skeletons (D:8)
  3 mummies (Ossuary)
  A howler monkey zombie (D:8)
  2 worker ant zombies
  Robin (D:3)
  10 adders
  2 gnolls (D:9)
  A shadow imp (D:8)
  2 white imps (Lair:5)
  2 adder skeletons
  2 worms (D:3)
  2 dart slugs
  8 leopard geckos
  47 orcs
  8 giant cockroaches
  2 gnoll zombies (D:8)
  11 goblins
  7 hobgoblins
  5 jackals
  4 quokkas
  4 ball pythons
  4 bats
  5 frilled lizards
  18 kobolds
  A kobold zombie (Ossuary)
  An orc zombie (Ossuary)
  A quokka skeleton (D:8)
  5 rats
330 creatures vanquished.

Vanquished Creatures (others)
  A white imp (Lair:5)
  An orc (D:9)
  38 fungi
  7 plants (D:9)
47 creatures vanquished.

Grand Total: 377 creatures vanquished

Notes
Turn   | Place    | Note
-------+----------+-------------------------------------------
     0 | D:1      | Exodus22XD the Demonspawn Gladiator began the quest for the
                  | Orb.
     0 | D:1      | Reached XP level 1. HP: 16/16 MP: 1/1
    94 | D:1      | Gained mutation: You are partially covered in sharp spines.
                  | [demonic ancestry]
    94 | D:1      | Reached XP level 2. HP: 16/22 MP: 2/2
   343 | D:1      | Reached skill level 3 in Axes
   575 | D:2      | Reached XP level 3. HP: 27/28 MP: 3/3
   715 | D:2      | Noticed Natasha
   721 | D:2      | Killed Natasha
   721 | D:2      | Reached skill level 1 in Armour
   812 | D:2      | Found a snail-covered altar of Cheibriados.
   888 | D:2      | Gained mutation: You have large cloven feet. [demonic
                  | ancestry]
   888 | D:2      | Reached XP level 4. HP: 29/34 MP: 4/4
  1042 | D:2      | Noticed Terence
  1049 | D:2      | Killed Terence
  1049 | D:2      | Gained mutation: You have a pair of small antennae on your
                  | head. [demonic ancestry]
  1049 | D:2      | Reached XP level 5. HP: 36/39 MP: 5/5
  1209 | D:2      | Noticed Natasha
  1227 | D:2      | Killed Natasha
  1430 | D:2      | Reached skill level 4 in Axes
  1522 | D:3      | Noticed Robin
  1535 | D:3      | Killed Robin
  1736 | D:3      | Noticed Grinder
  1736 | D:3      | Paralysed by Grinder for 6 turns
  1788 | D:2      | Noticed Natasha
  2019 | D:2      | Killed Natasha
  2040 | D:3      | Paralysed by Grinder for 4 turns
  2050 | D:3      | Paralysed by Grinder for 5 turns
  2052 | D:3      | HP: 1/40 [Grinder (5)]
  2373 | D:3      | Paralysed by Grinder for 3 turns
  2385 | D:3      | Killed Grinder
  2385 | D:3      | Reached skill level 1 in Shields
  2385 | D:3      | Gained mutation: You have sharp fingernails. [demonic
                  | ancestry]
  2385 | D:3      | Reached XP level 6. HP: 29/47 MP: 6/6
  2476 | D:3      | Found a blossoming altar of Fedhas.
  2615 | D:3      | Found a shadowy altar of Dithmenos.
  2664 | D:3      | Found a burning altar of Makhleb.
  2675 | D:3      | Reached skill level 5 in Axes
  2738 | D:3      | Noticed Jessica
  2741 | D:3      | Killed Jessica
  2773 | D:3      | Found a sparkling altar of Nemelex Xobeh.
  3130 | D:4      | Reached XP level 7. HP: 8/52 MP: 7/7
  3205 | D:4      | HP: 2/52 [orc priest/divine providence (14)]
  3310 | D:4      | Found an opulent altar of Gozag.
  3389 | D:4      | Found a sand-covered staircase.
  3394 | Ossuary  | Entered an ossuary
  3521 | Ossuary  | Reached skill level 1 in Unarmed Combat
  4222 | D:5      | Entered Level 5 of the Dungeon
  4412 | D:5      | Found a hide-covered altar of Uskayaw.
  4417 | D:5      | Reached skill level 6 in Axes
  4422 | D:5      | Became a worshipper of Uskayaw the Reveler
  4433 | D:5      | Reached * piety under Uskayaw
  4440 | D:5      | Reached ** piety under Uskayaw
  4445 | D:5      | Reached *** piety under Uskayaw
  4455 | D:5      | Found Zyjurphu's General Store.
  4466 | D:5      | Reached skill level 1 in Invocations
  4466 | D:5      | Gained mutation: You have a pair of antennae on your head.
                  | [demonic ancestry]
  4466 | D:5      | Reached XP level 8. HP: 46/59 MP: 3/8
  4508 | D:5      | Noticed a troll
  4715 | D:6      | Found a stormy altar of Qazlal.
  4815 | D:6      | Noticed Edmund
  4836 | D:6      | Killed Edmund
  5108 | D:6      | Reached skill level 7 in Axes
  5378 | D:7      | Found a staircase to the Ecumenical Temple.
  5390 | D:7      | Reached skill level 1 in Maces & Flails
  5464 | D:7      | Gained mutation: You are mostly covered in sharp spines.
                  | [demonic ancestry]
  5464 | D:7      | Reached XP level 9. HP: 51/65 MP: 11/11
  5469 | D:7      | Reached **** piety under Uskayaw
  5473 | D:7      | Reached ***** piety under Uskayaw
  5531 | D:7      | Got a translucent marble ring
  5542 | D:7      | Identified the ring of Qiz Toso {MP+9 Str+3} (You found it
                  | on level 7 of the Dungeon)
  5841 | D:7      | Found a glowing golden altar of the Shining One.
  5889 | D:7      | Reached skill level 5 in Invocations
  5947 | D:7      | Found an iron altar of Okawaru.
  6005 | D:7      | Found a bloodstained altar of Trog.
  6158 | D:8      | Reached skill level 5 in Fighting
  6403 | D:8      | Reached skill level 5 in Dodging
  6487 | D:8      | Identified the Almanac of Cold
  6501 | D:8      | Found Utaimep's General Store.
  6509 | D:8      | Reached skill level 5 in Armour
  6838 | D:8      | Found a burning altar of Makhleb.
  6923 | D:8      | Found a basalt altar of Yredelemnul.
  7349 | D:9      | Gained mutation: You are completely covered in sharp
                  | spines. [demonic ancestry]
  7349 | D:9      | Reached XP level 10. HP: 48/76 MP: 14/14
  7386 | D:9      | Found Lekkon's General Store.
  7394 | D:9      | Bought a scroll of identify for 20 gold pieces
  7424 | D:9      | Noticed a two-headed ogre
  7436 | D:9      | Killed a two-headed ogre
  7436 | D:9      | Reached skill level 5 in Unarmed Combat
  7681 | D:9      | Found Fuontatt's Armour Shoppe.
  7707 | D:9      | Noticed a two-headed ogre
  8090 | D:9      | Reached ****** piety under Uskayaw
  8130 | D:9      | Found a staircase to the Lair.
  8250 | D:9      | Found a staircase to the Orcish Mines.
  8673 | D:9      | Reached skill level 8 in Axes
  9018 | D:9      | Found Soikha Leolo's Gadget Boutique.
  9164 | D:9      | Found a snail-covered altar of Cheibriados.
 10044 | Lair:1   | Entered Level 1 of the Lair of Beasts
 10044 | Lair:1   | Noticed a spiny frog
 10048 | Lair:1   | Reached XP level 11. HP: 42/84 MP: 16/16
 10395 | Lair:1   | Found a runed translucent gate.
 10395 | Lair:1   | Found a runed translucent gate.
 10395 | Lair:1   | Found a runed translucent gate.
 10395 | Lair:1   | Noticed FishyPogo's ghost (journeyman DrEE)
 10395 | Lair:1   | Noticed XoMute's ghost (journeyman GrEE)
 10742 | Lair:1   | Reached skill level 9 in Axes
 12344 | Lair:2   | Found a staircase to the Shoals.
 12917 | Lair:3   | Reached skill level 10 in Axes
 13026 | Lair:3   | Noticed a five-headed hydra
 13035 | Lair:3   | Killed a five-headed hydra
 13684 | Lair:3   | Noticed a five-headed hydra
 13693 | Lair:3   | Killed a five-headed hydra
 13865 | Lair:4   | HP: 2/85 [komodo dragon (19)]
 13889 | Lair:3   | HP: 3/85 [blink frog (5)]
 14338 | D:9      | Bought the cursed +1 chain mail of Ydoupir {rN+ Slay+3
                  | Stlth+} for 529 gold pieces
 14345 | D:9      | Killed a two-headed ogre
 14345 | D:9      | Reached XP level 12. HP: 48/92 MP: 18/18
 15296 | Lair:4   | Noticed a catoblepas
 15322 | Lair:4   | Killed a catoblepas
 15617 | Lair:4   | Found a hole to the Spider Nest.
 16131 | Lair:5   | Noticed an ice dragon
 16157 | Lair:5   | Gained mutation: Your spells are a little harder to cast,
                  | but a little more powerful. [potion of mutation]
 16157 | Lair:5   | Gained mutation: Your magical capacity is low. (-10% MP)
                  | [potion of mutation]
 16157 | Lair:5   | Gained mutation: Your muscles are strong. (Str +2) [potion
                  | of mutation]
 16161 | Lair:5   | Killed an ice dragon
 16330 | Lair:5   | Reached skill level 11 in Axes
 16451 | Lair:5   | Noticed a seven-headed hydra
 16459 | Lair:5   | HP: 4/94 [seven-headed hydra (2)]
 16460 | Lair:5   | Slain by a seven-headed hydra

Skill      XL: |  1  2  3  4  5  6  7  8  9 10 11 12 |
---------------+-------------------------------------+-----
Dodging        | 3 4 5 |  5.8
Axes           | 3 4 5 6 7 8 10 11 | 11.0
Armour         | 1 2 3 4 5 6 7 8 |  8.2
Fighting       | 3 4 5 7 8 |  8.3
Shields        | 1 |  1.3
Unarmed Combat | 2 3 4 5 6 |  6.9
Invocations    | 1 3 6 7 9 |  9.6
Maces & Flails | 1 2 |  2.0
Throwing       | |  1.8

Action                   |  1- 3 |  4- 6 |  7- 9 | 10-12 || total
-------------------------+-------+-------+-------+-------++-------
Melee: War axe           |    58 |   132 |   106 |   211 ||   507
       Kick              |       |    44 |   110 |   158 ||   312
       Hand axe          |       |       |    38 |       ||    38
       Punch             |       |       |     2 |     6 ||     8
       Dire flail        |       |       |   183 |   169 ||   352
       Battleaxe         |       |       |       |    18 ||    18
Invok: Line Pass         |       |       |     2 |    22 ||    24
       Stomp             |       |       |       |     3 ||     3
Evoke: Wand              |       |       |       |     1 ||     1
  Use: Scroll            |       |     7 |     4 |     8 ||    19
       Potion            |       |     2 |     1 |     7 ||    10
 Stab: Paralysed         |       |       |    11 |    44 ||    55
       Confused          |       |       |     1 |     6 ||     7
  Eat: Chunk             |       |     7 |    12 |    23 ||    42
       Ration            |       |       |     1 |     4 ||     5
Armor: Leather armour    |    16 |    17 |       |       ||    33
       Ring mail         |       |    15 |   105 |     1 ||   121
       Plate armour      |       |       |       |   202 ||   202
       Chain mail        |       |       |       |    63 ||    63
Dodge: Dodged            |    47 |    64 |   179 |   197 ||   487
Block: Shield            |       |    38 |       |       ||    38
